 Dungeon Crawl Stone Soup version 0.29.1-13-g9f3cf754e1 (webtiles) character file.

Game seed: 16657886722223629013

310 Thatpatchoflichen the Trooper (level 6, -1/52 HPs)
             Began as a Demonspawn Monk on Jan 21, 2023.
             Was a Believer of Sif Muna.
             Slain by a water moccasin (6 damage)
             ... on level 5 of the Dungeon.
             The game lasted 00:14:57 (5368 turns).

Thatpatchoflichen the Trooper (Demonspawn Monk)     Turns: 5368, Time: 00:14:58

Health: -1/52      AC:  4    Str: 11    XL:     6   Next: 18%
Magic:  0/10       EV: 13    Int: 15    God:    Sif Muna [**....]
Gold:   171        SH:  0    Dex: 16    Spells: 11/11 levels left

rFire   . . .      SeeInvis +   K - +2 dagger (venom)
rCold   . . .      Faith    .   (no shield)
rNeg    . . .      Spirit   +   a - +0 robe
rPois   .          Reflect  .   q - +1 hat
rElec   .          Harm     .   (no cloak)
rCorr   .          Rampage  .   (no gloves)
Will    .....                   k - +0 pair of boots
Stlth   ++........              r - amulet of guardian spirit
HPRegen 0.17/turn               l - ring of see invisible
MPRegen 0.12/turn               (no ring)

@: lethally poisoned (-1 -> -26)
A: claws 2, big brain 1
a: Renounce Religion, Channel Magic


You were on level 5 of the Dungeon.
You worshipped Sif Muna.
Sif Muna was pleased with you.
You visited 2 branches of the dungeon, and saw 6 of its levels.
You also visited: Sewer.

You collected 171 gold pieces.

Inventory:

Hand Weapons
 m - a +2 short sword of venom
 n - a +0 whip of pain
 K - a +2 dagger of venom (weapon)
Missiles
 c - 24 poisoned darts (quivered)
 x - a throwing net
Armour
 a - a +0 robe (worn)
 g - a +0 chain mail
 k - a +0 pair of boots (worn)
 q - a +1 hat (worn)
 s - a +0 chain mail
 C - a +0 helmet
 D - a +0 cloak
Jewellery
 l - a ring of see invisible (left claw)
 r - an amulet of guardian spirit (around neck)
 u - an amulet of guardian spirit
 z - a ring of positive energy
Wands
 t - a wand of light (13)
Scrolls
 e - a scroll of fear {unknown}
 h - 10 scrolls of identify {unknown}
 j - 2 scrolls of amnesia {unknown}
 o - a scroll of enchant weapon {unknown}
 w - a scroll of teleportation {unknown}
 y - a scroll of fog {unknown}
 A - a scroll of poison {unknown}
 G - 2 scrolls of enchant armour {unknown}
 H - a scroll of vulnerability {unknown}
 I - a scroll of noise {unknown}
Potions
 b - a potion of ambrosia
 d - a potion of cancellation {unknown}
 f - 3 potions of mutation {unknown}
 i - 3 potions of flight {unknown}
 p - 2 potions of might {unknown}
 v - a potion of brilliance {unknown}
 B - 2 potions of degeneration {unknown}
 E - a potion of haste {unknown}
 F - 2 potions of heal wounds {unknown}
 J - 2 potions of curing


   Skills:
 + Level 5.7 Fighting
 - Level 3.0 Dodging
 - Level 2.0 Stealth
 - Level 2.6 Unarmed Combat
 + Level 3.0 Spellcasting


You had 11 spell levels left.
You didn't know any spells.
Your spell library contained the following spells:

 Spells                   Type           Power      Damage    Failure   Level
 Necrotise                Necr           8%         1d4       21%         1
 Sting                    Tmut/Pois      8%         1d3       21%         1
 Summon Small Mammal      Summ           8%         N/A       21%         1
 Poisonous Vapours        Pois/Air       4%         N/A       30%         2
 Call Canine Familiar     Summ           2%         N/A       52%         3
 Summon Guardian Golem    Hex/Summ       2%         N/A       52%         3
 Vampiric Draining        Necr           2%         2d6       52%         3
 Olgreb's Toxic Radiance  Pois           2%         N/A       89%         4
 Agony                    Necr           2%         N/A       99%         5


Dungeon Overview and Level Annotations

Branches:
Dungeon (5/15)             Temple (1/1) D:4           Sewer (visited)

Altars:
Ashenzari
Cheibriados
Fedhas
Hepliaklqana
Makhleb
Okawaru
Qazlal
Ru
Sif Muna
Trog
Vehumet
Wu Jian
Yredelemnul

Shops:
D:1 [


Innate Abilities, Weirdness & Mutations

You have very sharp fingernails.
You have an unusually large brain. (Int +2)


Message History

K - a +2 dagger of venom (weapon)
You open the door.
There is an open door here.
J - 2 potions of curing (gained 1)
h - 10 scrolls labelled MUMPIR ZAUZ (gained 1)
Found a spear.
A shadow imp comes into view.
A water moccasin comes into view.
The water moccasin hisses angrily.
The shadow imp shouts, "Get thee gone, thou froward two-tin-hat snake-molt!"
You hit the shadow imp.
The shadow imp is poisoned.
The shadow imp is moderately wounded.
The shadow imp picks up a beetle and eats it.
The shadow imp gestures at you. Pain shoots through your body!
You closely miss the shadow imp.
The shadow imp is moderately wounded.
The water moccasin bites you.
You are poisoned.
The water moccasin poisons you! The shadow imp hits you.
You hit the water moccasin.
The water moccasin is lightly wounded.
You feel very sick. The water moccasin bites you.
You are lethally poisoned!
The water moccasin poisons you! The shadow imp barely misses you.
You hit the water moccasin.
The water moccasin is lightly wounded.
You feel very sick. The water moccasin bites you.
You are more poisoned.
The water moccasin poisons you! The shadow imp misses you.
The water moccasin bites you!
* * * LOW HITPOINT WARNING * * *
You hit the water moccasin.
The water moccasin is moderately wounded.
* * * LOW HITPOINT WARNING * * *
You feel extremely sick. The water moccasin bites you!
You die...

#.....#.....#.....#....
#.....#.....#.....#....
#.....#######.....#####
######.............
#.....###......
#.###.....###.. .#.
##..#......
.....#.........
#.....5@..#....
#.....S...# ...
#.........# ..
.....#...... .
.#..###..#... ##.
..###.... . ... .### .
... .


You could see a water moccasin and a shadow imp (very poisoned).

Vanquished Creatures
  An orc priest (D:4)
  An iguana (D:4)
  A hell rat (Sewer)
  3 gnolls (D:3)
  4 adders
  7 river rats
  5 worms
  2 dart slugs
  2 orcs (D:4)
  7 bats
  6 endoplasms
  4 giant cockroaches
  4 goblins
  6 hobgoblins
  4 jackals (D:2)
  4 quokkas
  11 ball pythons
  3 frilled lizards
  7 kobolds
  9 rats
91 creatures vanquished.

Notes
Turn   | Place    | Note
-------+----------+-------------------------------------------
     0 | D:1      | Thatpatchoflichen the Demonspawn Monk began the quest for
                  | the Orb.
     0 | D:1      | Reached XP level 1. HP: 18/18 MP: 1/1
    75 | D:1      | Found Pesott's Antique Armour Emporium.
   170 | D:1      | Gained mutation: You have an unusually large brain. (Int
                  | +2) [demonic ancestry]
   170 | D:1      | Reached XP level 2. HP: 24/24 MP: 2/2
   666 | D:1      | Found a faded altar of an unknown god.
  1170 | D:2      | Reached XP level 3. HP: 27/30 MP: 3/3
  1383 | D:2      | Reached skill level 4 in Fighting
  2738 | D:3      | Reached XP level 4. HP: 38/38 MP: 3/5
  2742 | D:3      | Reached skill level 1 in Spellcasting
  3455 | D:4      | Reached skill level 5 in Fighting
  3455 | D:4      | Gained mutation: You have sharp fingernails. [demonic
                  | ancestry]
  3455 | D:4      | Reached XP level 5. HP: 40/44 MP: 7/7
  3823 | D:4      | Found a glowing drain.
  3829 | Sewer    | Entered a sewer
  3838 | Sewer    | Gained mutation: You have very sharp fingernails. [demonic
                  | ancestry]
  3838 | Sewer    | Reached XP level 6. HP: 14/51 MP: 10/10
  4664 | D:4      | Identified the +4 mace of Floral Tenacity {vorpal, rElec
                  | rF+ Str+4 Stlth+}
  4953 | D:4      | Found a staircase to the Ecumenical Temple.
  4975 | Temple   | Entered the Ecumenical Temple
  5123 | Temple   | Became a worshipper of Sif Muna the Loreminder
  5123 | Temple   | Reached * piety under Sif Muna
  5123 | Temple   | Reached ** piety under Sif Muna
  5317 | D:5      | Entered Level 5 of the Dungeon
  5362 | D:5      | Noticed a water moccasin
  5368 | D:5      | Slain by a water moccasin

Illustrated notes

Levels and vault maps discovered:
D:1:      dpeg_arrival_round_c, layout_loops_ring, serial_shops,
          nicolae_diamond_shop, chequers_ecumenical_altar_lobes
D:2:      layout_loops_corners
D:3:      layout_rooms, minmay_parallelograms, minivault_27, interstate_on_off,
          st_stairs_8
D:4:      layout_cave_pods, minmay_temple_entry_antechambers,
          lightli_sewer_entry_pipes, feat_on_display
D:5:      nicolae_cairo_tiling_large_dashed, layout_gridville, xom_butterflies,
          mainiacjoe_overflow_boulevard
Temple:   compressed_dpeg_triangle_lava_temple

Skill      XL: |  1  2  3  4  5  6 |
---------------+-------------------+-----
Stealth        | 2 |  2.0
Dodging        | 3 |  3.0
Fighting       | 4 5 |  5.7
Spellcasting   | 1 2 3 |  3.0
Unarmed Combat | |  2.6

Action                   |  1- 3 |  4- 6 || total
-------------------------+-------+-------++-------
Melee: Unarmed           |    48 |       ||    48
       Punch             |     5 |     2 ||     7
       Short sword       |    97 |   144 ||   241
       Dagger            |       |     5 ||     5
 Stab: Sleeping          |     7 |     7 ||    14
Armor: Robe              |    36 |    24 ||    60
Dodge: Dodged            |   110 |   115 ||   225
